 Dungeon Crawl Stone Soup version 0.29-a0-364-g921d912d32 (webtiles) character file.

Game seed: 12375748103575808898

862 holysushi the Cutter (level 7, -4/57 HPs)
             Began as a Demonspawn Monk on May 1, 2022.
             Was an Initiate of Yredelemnul.
             Slain by a gnoll sergeant
             ... wielding a +0 trident
              (12 damage)
             ... on level 5 of the Dungeon.
             The game lasted 00:08:23 (6040 turns).

holysushi the Cutter (Demonspawn Monk)              Turns: 6040, Time: 00:08:23

Health: -4/57      AC:  4    Str: 11    XL:     7   Next: 72%
Magic:  7/7        EV: 13    Int: 11    God:    Yredelemnul [......]
Gold:   218        SH:  0    Dex: 18    Spells: 6/6 levels left

rFire   . . .      SeeInvis .   a - +0 short sword
rCold   . . .      Faith    .   (no shield)
rNeg    . . .      Spirit   .   b - +0 robe
rPois   .          Reflect  .   g - +1 hat
rElec   .          Harm     .   (no cloak)
rCorr   .          Rampage  .   f - +0 pair of gloves
Will    .....                   (no boots)
Stlth   ++........              (no amulet)
HPRegen 0.19/turn               (no ring)
MPRegen 0.10/turn               (no ring)

@: no status effects
A: hooves 1, demonic guardian 1, demonic magic 2
a: Renounce Religion, Recall Undead Harvest


You were on level 5 of the Dungeon.
You worshipped Yredelemnul.
Yredelemnul was noncommittal.
You visited 1 branch of the dungeon, and saw 5 of its levels.

You collected 218 gold pieces.

Inventory:

Hand Weapons
 a - a +0 short sword (weapon)
Armour
 b - a +0 robe (worn)
 f - a +0 pair of gloves (worn)
 g - a +1 hat (worn)
Wands
 o - a wand of flame (8)
Scrolls
 d - a scroll of summoning {unknown}
 h - 3 scrolls of immolation {unknown}
 i - a scroll of fog
 j - 2 scrolls of enchant weapon {unknown}
 k - a scroll of noise {unknown}
 l - 2 scrolls of magic mapping {unknown}
 m - 3 scrolls of teleportation {unknown}
 p - a scroll of identify {unknown}
Potions
 c - a potion of ambrosia
 e - 2 potions of flight
 q - a potion of berserk rage {unknown}
 r - a potion of resistance {unknown}
 s - a potion of curing


   Skills:
 + Level 5.6 Fighting
 * Level 6.8 Short Blades
 + Level 3.3 Dodging
 - Level 1.7 Stealth
 - Level 1.0 Evocations


You had 6 spell levels left.
You didn't know any spells.
Your spell library contained the following spells:

 Spells                   Type           Power      Damage    Failure   Level
 Sandblast                Erth           0%         2d4       34%         1
 Slow                     Hex            0%         N/A       34%         1
 Ensorcelled Hibernation  Hex/Ice        0%         N/A       47%         2
 Passwall                 Tmut/Erth      0%         N/A       47%         2
 Confusing Touch          Hex            0%         N/A       71%         3
 Conjure Flame            Conj/Fire      0%         6-21      71%         3
 Ignite Poison            Fire/Tmut/Pois 0%         N/A       71%         3
 Stone Arrow              Conj/Erth      0%         3d7       71%         3
 Swiftness                Air            0%         N/A       71%         3
 Vampiric Draining        Necr           0%         2d6       71%         3
 Sticky Flame             Conj/Fire      0%         2d3       98%         4


Dungeon Overview and Level Annotations

Branches:
Dungeon (5/15)
 Temple: D:4-7

Altars:
Gozag
Makhleb
Okawaru
Yredelemnul
Zin

Shops:
D:4 =


Innate Abilities, Weirdness & Mutations

You have large cloven feet.
A weak demonic guardian rushes to your aid.
Spells you cast may paralyse nearby enemies.


Message History

The gnoll sergeant misses you.
You hit the gnoll sergeant.
The gnoll sergeant is lightly wounded.
The gnoll sergeant blocks your attack.
You kick the gnoll sergeant.
The gnoll sergeant is moderately wounded.
The gnoll sergeant closely misses you.
You hit the gnoll sergeant but do no damage.
The gnoll sergeant blocks your attack.
The gnoll sergeant is moderately wounded.
The gnoll sergeant closely misses you.
You hit the gnoll sergeant but do no damage.
The gnoll sergeant blocks your attack.
You punch the gnoll sergeant, but do no damage.
The gnoll sergeant is moderately wounded.
The gnoll sergeant misses you.
You hit the gnoll sergeant but do no damage.
The gnoll sergeant is moderately wounded.
The gnoll sergeant blocks your attack.
The gnoll sergeant is moderately wounded.
The gnoll sergeant hits you with a +0 trident.
The gnoll sergeant blocks your attack. x2
The gnoll sergeant is moderately wounded.
The gnoll sergeant hits you with a +0 trident!
* * * LOW HITPOINT WARNING * * *
You hit the gnoll sergeant but do no damage.
You kick the gnoll sergeant, but do no damage.
The gnoll sergeant is moderately wounded.
The gnoll sergeant hits you with a +0 trident.
* * * LOW HITPOINT WARNING * * *
The gnoll sergeant blocks your attack.
The gnoll sergeant is moderately wounded.
The gnoll sergeant closely misses you.
The gnoll sergeant hits you from afar with a +0 trident!
* * * LOW HITPOINT WARNING * * *
A demonic guardian appears!
There is a stone staircase leading up, spattered with blood here.
The gnoll sergeant blocks your iron imp's attack.
The gnoll sergeant hits you from afar with a +0 trident!
You die...
Your body rises from the dead as a mindless zombie.

.......$.......##.#...#.#
................#...##....
.....................#.#..
....##.......##...........
... ##.......##..##......
## ##.........#........##
##....................#
#..........#.#.........
##.#..@...##.##...##...
)#.h###....#.......##..
.....##..g##.....(.....
####.....5.......#.#.....
. ###.####........##......
... #....###..#....##
#.#..#
....###g..##(......##
.#### #....<.h....#...## #
##...<..###.###..#


You could see a gnoll sergeant (ally target) and a friendly iron imp (summoned).

Vanquished Creatures
  Sigmund (D:2)
  An ice beast (D:4)
  A black bear (D:4)
  A phantom (D:5)
  A jelly (D:4)
  Crazy Yiuf (D:2)
  An orc priest (D:4)
  Terence (D:2)
  5 adders
  4 gnolls
  2 river rats (D:3)
  4 worms (D:3)
  A dart slug (D:1)
  4 orcs
  3 endoplasms
  2 giant cockroaches (D:1)
  4 goblins
  6 hobgoblins
  4 jackals
  5 kobolds
  3 quokkas
  5 ball pythons
  A bat (D:3)
  A frilled lizard (D:3)
  5 rats
67 creatures vanquished.

Vanquished Creatures (collateral kills)
  A necrophage (D:4)
  An iguana (D:4)
  Ijyb (D:3)
  2 adders
  A worm (D:3)
  6 orcs
  An endoplasm (D:3)
  2 giant cockroaches (D:2)
  A goblin (D:3)
  A hobgoblin (D:3)
  3 jackals
  2 ball pythons
  2 bats (D:3)
  A kobold (D:2)
  5 rats (D:3)
30 creatures vanquished.

Vanquished Creatures (others)
  A goblin zombie (D:3)
  3 adder zombies (D:3)
  A bat zombie (D:3)
  A ball python zombie (D:3)
  A frilled lizard zombie (D:3)
  A hobgoblin zombie (D:4)
  3 jackal zombies (D:3)
  2 orc zombies
  2 rat zombies (D:3)
  3 fungi (D:2)
18 creatures vanquished.

Grand Total: 115 creatures vanquished

Notes
Turn   | Place    | Note
-------+----------+-------------------------------------------
     0 | D:1      | holysushi the Demonspawn Monk began the quest for the Orb.
     0 | D:1      | Reached XP level 1. HP: 18/18 MP: 1/1
   165 | D:1      | Reached skill level 3 in Short Blades
   301 | D:1      | Gained mutation: A weak demonic guardian rushes to your
                  | aid. [demonic ancestry]
   301 | D:1      | Reached XP level 2. HP: 24/24 MP: 2/2
  1069 | D:2      | Reached XP level 3. HP: 19/29 MP: 3/3
  1208 | D:2      | Noticed Sigmund
  1254 | D:2      | Killed Sigmund
  1255 | D:2      | Reached skill level 4 in Short Blades
  1255 | D:2      | Reached XP level 4. HP: 11/37 MP: 4/4
  1255 | D:2      | Gained mutation: Spells you cast may paralyse adjacent
                  | enemies. [demonic ancestry]
  1255 | D:2      | Reached XP level 5. HP: 13/42 MP: 5/5
  1660 | D:2      | Found a faded altar of an unknown god.
  1663 | D:2      | Noticed Terence
  1696 | D:2      | Killed Terence
  1697 | D:2      | Reached skill level 5 in Short Blades
  1893 | D:2      | Prayed at the altar of an unknown god.
  1893 | D:2      | Became a worshipper of Yredelemnul the Dark
  1893 | D:2      | Reached * piety under Yredelemnul
  1893 | D:2      | Reached ** piety under Yredelemnul
  1974 | D:2      | Found a runed translucent door.
  1975 | D:2      | Noticed Crazy Yiuf
  2199 | D:2      | Killed Crazy Yiuf
  2690 | D:3      | Noticed Ijyb
  2705 | D:3      | Killed Ijyb
  2706 | D:3      | Gained mutation: Spells you cast may paralyse nearby
                  | enemies. [demonic ancestry]
  2706 | D:3      | Reached XP level 6. HP: 7/49 MP: 6/6
  3170 | D:3      | Found an iron altar of Okawaru.
  3173 | D:3      | Found a burning altar of Makhleb.
  3465 | D:3      | Reached skill level 1 in Evocations
  3482 | D:3      | Reached *** piety under Yredelemnul
  3489 | D:3      | Your ally Ijyb died
  3749 | D:3      | Found an opulent altar of Gozag.
  4040 | D:4      | Found Lixinois's Jewellery Boutique.
  4185 | D:4      | Reached skill level 5 in Fighting
  4213 | D:4      | Reached skill level 6 in Short Blades
  4219 | D:4      | Gained mutation: You have large cloven feet. [demonic
                  | ancestry]
  4219 | D:4      | Reached XP level 7. HP: 6/56 MP: 7/7
  5063 | D:5      | Entered Level 5 of the Dungeon
  6040 | D:5      | Slain by a gnoll sergeant

Illustrated notes

Levels and vault maps discovered:
D:1:      dpeg_arrival_rooms_c, layout_basic, serial_forest,
          infiniplex_forest_diagonal, infiniplex_forest_corner_1,
          infiniplex_forest_lined_room_2, infiniplex_forest_clump_tiny,
          infiniplex_forest_clump_tiny, infiniplex_forest_lined_3,
          infiniplex_forest_clump_cross, st_stairs_11
D:2:      layout_basic, hellmonk_ecumenical_altar_lost_god, uniq_terence,
          uniq_sigmund, uniq_crazy_yiuf_cottage
D:3:      layout_basic, grunt_temple_overflow_gold_and_silver,
          chequers_temple_overflow_statue_of_worship, lightli_sewer_entry_pipes,
          kennysheep_decorative_pillar, minmay_crystal_water,
          chequers_serial_rivers_micro_c, uniq_ijyb
D:4:      layout_cave_pools, serial_column_ruins, column_ruins_hut,
          column_ruins_circle_large, column_ruins_open_small,
          column_ruins_grid_2, column_ruins_corridor_plus,
          column_ruins_open_tiny, column_ruins_open_tiny,
          column_ruins_open_tiny, minmay_shop_enchanted_jewellery
D:5:      layout_cave_pools, kennysheep_slug_shrine, gammafunk_ghost_icy

Skill      XL: |  1  2  3  4  5  6  7 |
---------------+----------------------+-----
Short Blades   | 3 4 5 6 |  6.8
Fighting       | 4 5 |  5.6
Evocations     | 1 |  1.0
Dodging        | 3 |  3.3
Stealth        | |  1.7

Action                   |  1- 3 |  4- 6 |  7- 9 || total
-------------------------+-------+-------+-------++-------
Melee: Short sword       |    66 |   236 |    83 ||   385
       Punch             |       |     1 |     2 ||     3
       Kick              |       |       |    26 ||    26
Invok: Recall Undead Har |       |     2 |     1 ||     3
  Use: Potion            |     5 |       |     1 ||     6
       Scroll            |     1 |       |       ||     1
 Stab: Sleeping          |     5 |     9 |     1 ||    15
       Distracted        |       |     1 |       ||     1
Armor: Robe              |    11 |    40 |    16 ||    67
Dodge: Dodged            |    39 |   128 |    52 ||   219

Table legend: (Time is in decaauts)
 A = Elapsed time spent in this place.
 B = Non-inter-level travel time spent in this place.
 C = Inter-level travel time spent in this place.
 D = Time resting spent in this place.
 E = Time spent auto-exploring this place.
 F = Levels seen in this place.
 G = Mean time per level.
                   A        B        C        D        E       F      G
               +--------+--------+--------+--------+--------+-----+--------+
         Total |   6030 |   5897 |    133 |   2207 |   2625 |   5 | 1206.0 |
       Dungeon |   6030 |   5897 |    133 |   2207 |   2625 |   5 | 1206.0 |
               +--------+--------+--------+--------+--------+-----+--------+

Top non-repeatable levels by time:
     D:4: 1856 daAuts
     D:2: 1606 daAuts
     D:3: 1461 daAuts
     D:1: 980 daAuts
     D:5: 125 daAuts
